Map: Ulrena

Players

КолючийФу - Winner!

  • Race: Terran Terran
  • Spawn Location: 7:00

zidar

  • Race: Zerg Zerg
  • League: Gold
  • Spawn Location: 11:00

VOD

Have the link to the VOD?

Description

Time

  • Played on: July 8, 2016, noon
  • Length: 4:24
Show
View Real Time Build Order
Export as new Build Order

КолючийФу Terran - Winner!

Build Orders:  

Get SALT Encoding   

  12  0:01  SCV  
  13  0:13  SCV  
  14  0:23  Supply Depot  
  14  0:25  SCV  
  15  0:30  Refinery  
  15  0:45  SCV  
  15  0:47  Barracks  
  16  0:57  Refinery, SCV  
  17  1:10  Supply Depot  
  17  1:12  SCV  
  18  1:24  SCV  
  19  1:36  SCV  
  20  1:40  Factory  
  20  1:48  SCV  
  20  1:49  Barracks Tech Lab  
  21  2:00  SCV  
  22  2:06  Supply Depot  
  22  2:08  Marine  
  22  2:12  SCV  
  24  2:24  SCV  
  28  2:37  Siege Tank  
  28  2:38  Barracks Reactor  
  28  2:39  Orbital Command  
  28  2:50  Starport  
  28  2:56  Supply Depot  
  28  3:11  Siege Tank  
  31  3:15  Marine x2  
  33  3:24  Armory  
  33  3:32  Supply Depot  
  33  3:34  Marine  
  33  3:35  Marine  
  33  3:40  Starport Reactor  
  35  3:52  Siege Tank  
  38  3:56  Marine x2  
  40  4:05  Supply Depot  
Show
View Real Time Build Order
Export as new Build Order

zidar Zerg 

Build Orders: Pool First 

Get SALT Encoding   

  12  0:02  Drone  
  13  0:12  Overlord  
  13  0:17  Drone  
  14  0:30  Drone x2  
  16  0:42  Spawning Pool  
  16  0:45  Drone  
  16  1:10  Hatchery  
  16  1:11  Drone  
  16  1:15  Extractor  
  16  1:17  Drone  
  16  1:30  Queen  
  18  1:40  Zergling x4  
  18  1:41  Zergling x2  
  21  1:59  Roach Warren  
  21  2:00  Drone  
  21  2:16  Queen, Extractor  
  21  2:19  Overlord  
  23  2:26  Overlord  
  23  2:41  Roach  
  23  2:42  Roach  
  27  2:45  Roach  
  29  2:55  Roach  
  29  2:58  Roach  
  33  3:04  Roach  
  35  3:22  Roach x2  
  39  3:31  Ravager  
Tags
 
League
Gold
Matchup
TvZ
Opening
Pool First
Spawn Locations
Close Positions
Add a new tag
Caveats
  • Supply blocks, unpowered buildings, or Contaminate may cause inaccurate times.
  • Supply counts are checked every 10 seconds.